Description

Here is my introduction of my own build. I do it almost every time on ladder against Zerg. It's an all-in Immortal / Adept / Sentry. This build order is really powerful and hard to stop before GM league. The goal is to do a fake drop then an all-in with 2 Immortals, 3 sentries and mass adepts with glaive (on 8 gates). My winrate is around 75% using only this build in Master 1 / Low GM.

Notes :

  • Stop at 15 probes on expand (In the replay, i stopped at 14)
  • Clean the third expand spot to fake an expand
  • If you play against banelings, use your forcefields to protect your army
  • If you can't win with it (for example : He cuts his drones and he play with mass roach) : Switch to zealot charge and do another push after the first one

VOD

https://youtu.be/iVVNiy2Zlr4

Replay - YYFYYF v zuka - Acid Plant LE

Build Order

Get SALT Encoding   

  12  0:01  Probe  
  13  0:13  Probe  
  14  0:21  Pylon  
  14  0:22  Probe  
  15  0:35  Probe  
  15  0:40  Gateway  
  16  0:46  Probe  
  17  0:50  Assimilator  
  17  0:56  Probe  
  17  1:02  Pylon  
  18  1:04  Probe  
  19  1:13  Probe  
  20  1:30  Nexus  
  20  1:40  Cybernetics Core  
  20  1:43  Probe  
  21  1:48  Assimilator  
  21  1:55  Probe  
  21  1:58  Pylon  
  22  2:08  Stalker  
  23  2:17  Warp Gate  
  26  2:36  Adept  
  30  2:46  Robotics Facility  
  33  3:04  Sentry  
  37  3:12  Gateway  
  37  3:19  Twilight Council  
  41  3:36  Warp Prism  
  46  3:48  Resonating Glaives  
  46  3:49  Gateway  
  46  3:53  Pylon x2  
  46  4:02  Immortal  
  45  4:14  Gateway  
  49  4:23  Gateway x2  
  49  4:24  Sentry  
  51  4:29  Adept  
  53  4:35  Immortal  
  57  4:50  Gateway  
  57  4:52  Sentry  
  59  4:53  Adept  
  59  4:59  Adept  
  63  5:11  Gateway  
  63  5:14  Adept  
  65  5:22  Adept x4  
  73  5:43  Adept  
Spawning Tool Build Advisor. Get it on Overwolf

Go to:

Details

  • Created by: zuka      
  • Published on: Aug 16, 2018
  • Patch: 4.0.0
Show
View Real Time Build Order
Export as new Build Order

Comments (0)

There are no comments. Be the first!

Create an account to comment!